 Dungeon Crawl Stone Soup version 0.26.1-11-gd32895ea62 (webtiles) character file.

Game seed: 10658325167942451729

200 Ekaitz the Stinger (level 5, -3/37 HPs)
             Began as a Demonspawn Venom Mage on June 13, 2021.
             Slain by Grinder (4 damage)
             ... while paralysed by Grinder
             ... on level 3 of the Dungeon.
             The game lasted 00:08:56 (3399 turns).

Ekaitz the Stinger (Demonspawn Venom Mage)          Turns: 3399, Time: 00:08:56

Health: -3/37      AC:  5    Str: 10    XL:     5   Next: 49%
Magic:  1/8        EV:  2    Int: 16    God:
Gold:   152        SH:  0    Dex: 13    Spells: 0/9 levels left

rFire    . . .     SeeInvis .   A - +1 dagger (vamp)
rCold    . . .     Faith    .   (no shield)
rNeg     . . .     Spirit   .   a - +0 robe
rPois    .         Reflect  .   (helmet restricted)
rElec    .         Harm     .   u - +0 cloak
rCorr    .         Rampage  .   l - +1 pair of gloves
Will     .....                  (no boots)
Stlth    +++.......             (no amulet)
HPRegen  0.12/turn              B - +4 ring of evasion
MPRegen  0.11/turn              v - ring of stealth

@: paralysed, very slightly contaminated
A: antennae 1, claws 1, talons 1, miasma immunity
a: no special abilities


You were on level 3 of the Dungeon.
You visited 1 branch of the dungeon, and saw 3 of its levels.

You collected 152 gold pieces.

Inventory:

Hand Weapons
 h - a cursed +0 spear
 m - a +0 hunting sling
 q - a cursed -2 hunting sling
 x - a +0 long sword
 A - a +1 vampiric dagger (weapon)
Missiles
 d - 23 sling bullets
 g - 137 stones
 p - 4 atropa-tipped darts
Armour
 a - a +0 robe (worn)
 l - a +1 pair of gloves (worn)
 u - a +0 cloak (worn)
Jewellery
 k - an uncursed ring of willpower
 v - a ring of stealth (right hand)
 B - a +4 ring of evasion (left hand)
Scrolls
 b - a scroll of enchant armour {unknown}
 c - a scroll of fear {unknown}
 e - 5 scrolls of identify {unknown}
 j - a scroll of teleportation {unknown}
 o - a scroll of immolation {unknown}
 s - a scroll of remove curse {unknown}
 t - 2 scrolls of fog {unknown}
 y - a scroll of enchant weapon {unknown}
Potions
 f - a potion of flight {unknown}
 i - a potion of attraction {unknown}
 n - a potion of curing {unknown}
 r - a potion of resistance {unknown}
 w - 3 potions of might
 z - a potion of haste {unknown}


   Skills:
 * Level 1.5 Fighting
 + Level 0.1 Short Blades
 + Level 2.1 Dodging
 + Level 2.0 Stealth
 + Level 2.5 Spellcasting
 + Level 1.9 Transmutations
 * Level 1.2 Air Magic
 * Level 4.6 Poison Magic


You couldn't memorise any spells.
You knew the following spells:

 Your Spells              Type           Power        Failure   Level
a - Sting                 Tmut/Pois      48%          4%          1
b - Poisonous Vapours     Pois/Air       22%          9%          2
c - Mephitic Cloud        Conj/Pois/Air  8%           26%         3
d - Ignite Poison         Fire/Tmut/Pois 9%           24%         3

Your spell library contained the following spells:

 Spells                   Type           Power        Failure   Level
 Olgreb's Toxic Radiance  Pois           16%          28%         4


Dungeon Overview and Level Annotations

Branches:
Dungeon (3/15)

Altars:
Trog

Annotations:
D:3 Grinder


Innate Abilities, Weirdness & Mutations

You have a pair of small antennae on your head.
You have sharp fingernails.
You have sharp toenails.
You are immune to miasma.


Message History

Aiming: Sting (safe; 4% risk of failure)
Press: ? - help, Shift-Dir - straight line, f/p - Grinder
Aim: Grinder (lightly wounded, strong, very poisoned, 32% to evade)
The sting hits Grinder but does no damage.
Grinder looks as sick as possible!
Grinder is lightly wounded.
Grinder blinks!
Casting: Sting (safe; 4% risk of failure)
Confirm with . or Enter, or press ? or * to list all spells.
The spell is quite dangerous to cast (24% risk of failure)!
Continue anyway?
You miscast Ignite Poison.
You are very lightly contaminated with residual magic.
Nothing appears to happen.
Grinder says, "DUCK!"
Grinder gestures at you.
You suddenly lose the ability to move!
Grinder hits you!
* * * LOW HITPOINT WARNING * * *
You writhe in agony.
You die...

# #. . ... ##. ####.. ##.#
## ....# #..### #. ..#.#
....# #. #.#.# #<#.## #.
#.#.#####....# ####.
##.#..†.@5....# #....
#......####...# #.##.
##...##.# #..(# #.##.
##.....#.## #...# #.#..
#.........###...#######.#.#
##...................h#....
#.........................
#....................#...#
#..##.##.#.#.÷.#.#####....


You could see Grinder (strong, very poisoned).

Vanquished Creatures
  Natasha (thrice) (D:3)
  An orc wizard (D:3)
  3 adders
  2 worms (D:2)
  2 dart slugs (D:1)
  A leopard gecko (D:3)
  5 orcs (D:3)
  4 giant cockroaches
  5 goblins
  6 hobgoblins
  4 jackals (D:3)
  9 bats
  3 frilled lizards
  5 kobolds
  10 rats
63 creatures vanquished.

Notes
Turn   | Place    | Note
-------+----------+-------------------------------------------
     0 | D:1      | Ekaitz the Demonspawn Venom Mage began the quest for the
                  | Orb.
     0 | D:1      | Reached XP level 1. HP: 13/13 MP: 3/3
   417 | D:1      | Gained mutation: You have a pair of small antennae on your
                  | head. [demonic ancestry]
   417 | D:1      | Reached XP level 2. HP: 19/19 MP: 1/5
   420 | D:1      | Learned a level 2 spell: Poisonous Vapours
   531 | D:1      | Reached skill level 1 in Transmutations
  1111 | D:1      | Gained mutation: You are immune to miasma. [demonic
                  | ancestry]
  1111 | D:1      | Reached XP level 3. HP: 25/25 MP: 3/6
  1330 | D:2      | Learned a level 3 spell: Mephitic Cloud
  2230 | D:2      | Found a bloodstained altar of Trog.
  2288 | D:2      | Reached skill level 1 in Fighting
  2480 | D:3      | Gained mutation: You have sharp toenails. [demonic
                  | ancestry]
  2480 | D:3      | Reached XP level 4. HP: 32/32 MP: 3/7
  2491 | D:3      | Reached skill level 4 in Poison Magic
  2619 | D:3      | Noticed Natasha
  2632 | D:3      | Killed Natasha
  3008 | D:3      | Gained mutation: You have sharp fingernails. [demonic
                  | ancestry]
  3008 | D:3      | Reached XP level 5. HP: 17/37 MP: 0/8
  3025 | D:3      | Noticed Natasha
  3031 | D:3      | Killed Natasha
  3032 | D:3      | Reached skill level 1 in Air Magic
  3056 | D:3      | Noticed Natasha
  3078 | D:3      | Killed Natasha
  3239 | D:3      | Learned a level 3 spell: Ignite Poison
  3386 | D:3      | Noticed Grinder
  3396 | D:3      | Paralysed by Grinder for 5 turns
  3399 | D:3      | HP: 1/37 [Grinder (11)]
  3399 | D:3      | Slain by Grinder

Illustrated notes

Levels and vault maps discovered:
D:1:      dpeg_arrival_boxes_within_box, layout_basic
D:2:      layout_basic, bloody_trog
D:3:      layout_loops_cross, uniq_grinder, uniq_natasha

Skill      XL: |  1  2  3  4  5 |
---------------+----------------+-----
Transmutations | 1 |  1.9
Dodging        | 2 |  2.1
Fighting       | 1 |  1.5
Poison Magic   | 4 |  4.6
Stealth        | 2 |  2.0
Air Magic      | 1 |  1.2
Short Blades   | |  0.1
Spellcasting   | |  2.5

Action                   |  1- 3 |  4- 6 || total
-------------------------+-------+-------++-------
Melee: Dagger            |    32 |    60 ||    92
       Unarmed           |    10 |       ||    10
       Kick              |       |    12 ||    12
 Cast: Sting             |    49 |    21 ||    70
       Poisonous Vapours |    16 |    12 ||    28
 Stab: Sleeping          |     2 |     1 ||     3
Armor: Robe              |    18 |    13 ||    31
Dodge: Dodged            |    29 |    40 ||    69
